 Dungeon Crawl Stone Soup version 0.27.0-1-g7a089689b8 (webtiles) character file.

Game seed: 16758570851181989601

1168 ZARRMARR the Magician (level 8, 0/59 HPs)
             Began as a Purple Draconian Ice Elementalist on Aug 3, 2021.
             Was a Follower of Sif Muna.
             Killed from afar by a white imp (4 damage)
             ... with a puff of frost
             ... on level 7 of the Dungeon.
             The game lasted 00:42:45 (6938 turns).

ZARRMARR the Magician (DrIE)                        Turns: 6938, Time: 00:42:45

Health: 0/59       AC:  8    Str: 10    XL:     8   Next: 17%
Magic:  19/19      EV: 12    Int: 17    God:    Sif Muna [*.....]
Gold:   189        SH:  0    Dex: 13    Spells: 19/21 levels left

rFire    . . .     SeeInvis .   u - staff of cold
rCold    + . .     Faith    .   (no shield)
rNeg     . . .     Spirit   .   (armour unavailable)
rPois    .         Reflect  .   (helmet restricted)
rElec    .         Harm     .   B - scarf {repulsion}
rCorr    +         Rampage  .   (no gloves)
Will     +....                  b - +1 pair of boots
Stlth    ++........             (no amulet)
HPRegen  0.19/turn              z - ring of resist corrosion
MPRegen  0.16/turn              (no ring)

@: short of breath, repel missiles
A: breathe power, AC +6, unfitting armour, cold-blooded
a: Breathe Dispelling Energy, Renounce Religion, Channel Magic


You were on level 7 of the Dungeon.
You worshipped Sif Muna.
Sif Muna was aware of your devotion.
You visited 1 branch of the dungeon, and saw 7 of its levels.
You also visited: Sewer.

You collected 189 gold pieces.

Inventory:

Hand Weapons
 d - a +2 flail of venom
 v - a +2 quarterstaff of chaos
 x - a +2 flail of protection
 D - a +0 broad axe of distortion
Missiles
 i - 134 stones
 p - 5 poisoned darts
 t - 2 javelins (quivered)
Armour
 b - a +1 pair of boots (worn)
 B - a scarf of repulsion (worn)
Magical Staves
 u - a staff of cold (weapon)
Jewellery
 k - a ring of fire
 w - a ring of protection from cold
 z - a ring of resist corrosion (left hand)
Wands
 r - a wand of acid (7)
Scrolls
 a - a scroll of immolation
 f - a scroll of amnesia
 j - a scroll of fear {unknown}
 l - a scroll of fog
 q - 2 scrolls of noise {unknown}
 y - a scroll of blinking {unknown}
 C - 2 scrolls of identify
Potions
 c - 2 potions of brilliance {unknown}
 g - a potion of ambrosia {unknown}
 h - a potion of heal wounds {unknown}
 m - 2 potions of flight {unknown}
 n - a potion of magic {unknown}
 o - a potion of might {unknown}
 s - a potion of mutation {unknown}
 A - a potion of resistance {unknown}


   Skills:
 + Level 1.3 Fighting
 - Level 0.8 Short Blades
 + Level 1.4 Staves
 + Level 1.2 Throwing
 + Level 2.9 Dodging
 + Level 3.3 Stealth
 + Level 7.4 Spellcasting
 + Level 1.2 Transmutations
 - Level 6.0 Ice Magic
 + Level 1.5 Poison Magic


You had 19 spell levels left.
You knew the following spells:

 Your Spells              Type           Power      Damage    Failure   Level
a - Freeze                Ice            100%       1d11      1%          1
b - Sting                 Tmut/Pois      44%        1d5       6%          1

Your spell library contained the following spells:

 Spells                   Type           Power      Damage    Failure   Level
 Frozen Ramparts          Ice            80%        1d10      2%          3
 Ozocubu's Armour         Ice            40%        N/A       2%          3
 Beastly Appendage        Tmut           20%        N/A       7%          1
 Wereblood                Tmut           10%        N/A       10%         2
 Summon Small Mammal      Summ           24%        N/A       11%         1
 Poisonous Vapours        Pois/Air       18%        N/A       12%         2
 Sublimation of Blood     Necr           3%         N/A       17%         2
 Spider Form              Tmut/Pois      5%         N/A       19%         3
 Call Canine Familiar     Summ           6%         N/A       32%         3
 Portal Projectile        Hex/Tloc       12%        N/A       32%         3
 Summon Guardian Golem    Hex/Summ       6%         N/A       32%         3
 Hailstorm                Conj/Ice       25%        3d7       32%         4
 Olgreb's Toxic Radiance  Pois           11%        N/A       50%         4
 Petrify                  Tmut/Erth      8%         N/A       65%         4
 Fulminant Prism          Conj/Hex       3%         3d6       73%         4
 Iskenderun's Mystic Bla  Conj/Tloc      6%         2d4       73%         4
 Leda's Liquefaction      Hex/Erth       3%         N/A       73%         4
 Blade Hands              Tmut           5%         N/A       88%         5
 Irradiate                Conj/Tmut      4%         3d15      94%         5
 Excruciating Wounds      Necr           3%         N/A       97%         5
 Lee's Rapid Deconstruct  Erth           3%         3d6*      97%         5


Dungeon Overview and Level Annotations

Branches:
Dungeon (7/15)             Temple (0/1) D:4           Sewer (visited)

Altars:
Kikubaaqudgha
Sif Muna
Trog


Innate Abilities, Weirdness & Mutations

You can breathe bolts of dispelling energy.
Your rich purple scales are hard. (AC +6)
You cannot fit into any form of body armour.
You are cold-blooded and may be slowed by cold attacks.


Message History

As you read the scroll of fog, it crumbles to dust.
The scroll dissolves into smoke.
Found a stone staircase leading down.
Found a robe.
A jelly and a centaur come into view.
There is a stone staircase leading down here.
You can't go up here!
You climb downwards.
A jelly comes into view.
The jelly quivers.
Found a pair of embroidered gloves.
Found an escape hatch in the floor.
There is a stone staircase leading up here.
Throw: 4 javelins
Press: ? - help, Q - select action, (/) - cycle Shift-Dir - straight line, f - jelly
Aim: a jelly (89% to hit)
Okay, then.
Press: ? - help, Shift-Dir - straight line, f - jelly
Aim: a jelly You breathe a bolt of dispelling energy.
The bolt of dispelling energy hits the jelly.
The jelly is moderately wounded.
A white imp comes into view.
Casting: Sting (safe; 6% risk of failure)
Confirm with . or Enter, or press ? or * to list all spells.
Okay, then.
Unknown command.
Throw: 4 javelins
Press: ? - help, Q - select action, (/) - cycle Shift-Dir - straight line, f/p - jelly
Aim: a jelly (moderately wounded, 89% to hit)
You throw a javelin. The javelin pierces through the jelly.
The jelly is moderately wounded.
Unknown command.
Throw: 3 javelins
Press: ? - help, Q - select action, (/) - cycle Shift-Dir - straight line, f/p - jelly
Aim: a jelly (moderately wounded, 89% to hit)
You throw a javelin. The javelin pierces through the jelly.
The jelly is heavily wounded.
The white imp gestures at you. The puff of frost hits you. You resist.
You die...

... .. .. #.##
#..# . ..# #..#
##...
#....#..#....[.
#.....@..#
#.......#.....
#.....#... ...
###J>. ..... .
#(5# .#.....
#(. .#..... ...
.. .... .##. ..
.#..


You could see a jelly and a white imp.

Vanquished Creatures
  Eustachio (D:4)
  Edmund (D:4)
  Purgy (Sewer)
  A black bear (D:5)
  An ogre (D:5)
  A kobold brigand (Sewer)
  A bullfrog (D:6)
  A scorpion (D:4)
  A water moccasin zombie (D:5)
  A water moccasin skeleton (D:4)
  2 jellies
  An orc priest (D:5)
  Crazy Yiuf (D:2)
  A gnoll shaman (D:4)
  Terence (D:3)
  Robin (D:2)
  A howler monkey skeleton (D:5)
  5 gnolls
  5 adders
  A shadow imp (D:5)
  A worm (D:4)
  2 dart slugs
  4 orcs
  6 ball pythons
  6 bats
  10 endoplasms
  2 giant cockroaches (D:3)
  13 goblins
  10 hobgoblins
  A jackal (D:2)
  9 kobolds
  3 quokkas
  5 frilled lizards
  5 rats
106 creatures vanquished.

Notes
Turn   | Place    | Note
-------+----------+-------------------------------------------
     0 | D:1      | ZARRMARR the Draconian Ice Elementalist began the quest for
                  | the Orb.
     0 | D:1      | Reached XP level 1. HP: 14/14 MP: 3/3
   819 | D:1      | Reached XP level 2. HP: 20/20 MP: 1/5
  1551 | D:2      | Found a faded altar of an unknown god.
  1620 | D:2      | Reached XP level 3. HP: 26/26 MP: 6/6
  1837 | D:2      | Noticed Robin
  1866 | D:2      | Killed Robin
  1873 | D:2      | Reached XP level 4. HP: 24/33 MP: 0/7
  2312 | D:2      | Found a runed translucent door.
  2313 | D:2      | Noticed Crazy Yiuf
  2688 | D:3      | Noticed Terence
  2695 | D:3      | Killed Terence
  2696 | D:3      | Reached skill level 5 in Ice Magic
  2726 | D:3      | Found a shimmering blue altar of Sif Muna.
  2735 | D:3      | Became a worshipper of Sif Muna the Loreminder
  2738 | D:3      | Found an ancient bone altar of Kikubaaqudgha.
  2738 | D:3      | Found a bloodstained altar of Trog.
  2854 | D:3      | Reached skill level 3 in Spellcasting
  2904 | D:3      | Found a glowing drain.
  2913 | Sewer    | Entered a sewer
  3033 | Sewer    | Noticed Purgy
  3040 | Sewer    | Killed Purgy
  3041 | Sewer    | Reached XP level 5. HP: 32/39 MP: 1/10
  3166 | Sewer    | Reached XP level 6. HP: 39/46 MP: 6/11
  3210 | Sewer    | Learned a level 1 spell: Sting
  3510 | D:3      | Reached * piety under Sif Muna
  3721 | D:2      | Killed Crazy Yiuf
  3908 | D:4      | Reached skill level 4 in Spellcasting
  4040 | D:4      | Noticed Edmund
  4070 | D:4      | Killed Edmund
  4071 | D:4      | Your scales start taking on a rich purple colour.
  4071 | D:4      | Reached skill level 5 in Spellcasting
  4071 | D:4      | Reached XP level 7. HP: 30/51 MP: 0/14
  4361 | D:4      | Noticed Eustachio
  4370 | D:4      | Killed Eustachio
  4371 | D:4      | Reached skill level 1 in Fighting
  4371 | D:4      | Reached skill level 1 in Throwing
  4371 | D:4      | Reached skill level 6 in Spellcasting
  4912 | D:4      | Found a staircase to the Ecumenical Temple.
  5509 | D:5      | Entered Level 5 of the Dungeon
  5518 | D:5      | Reached skill level 1 in Poison Magic
  5956 | D:5      | Reached skill level 1 in Staves
  5956 | D:5      | Reached skill level 1 in Transmutations
  6131 | D:5      | Reached skill level 7 in Spellcasting
  6131 | D:5      | Reached XP level 8. HP: 59/59 MP: 11/18
  6922 | D:6      | HP: 1/59 [steam dragon (4)]
  6938 | D:7      | Killed from afar by a white imp

Illustrated notes

Levels and vault maps discovered:
D:1:      nicolae_arrival_washed_ashore, layout_loops_cross,
          hangedman_decor_points
D:2:      layout_basic, ebering_ecumenical_altar_sacrificial,
          minmay_pentomino_pile, uniq_crazy_yiuf_cottage, uniq_robin
D:3:      layout_rooms, minitemple, gup_sewer_entry_bubbles, uniq_terence
D:4:      layout_loops_corners, minmay_temple_entry_enclosed_plants,
          st_stairs_9, kennysheep_another_room, uniq_eustachio, uniq_edmund
D:5:      layout_basic, chequers_mini_garden, minmay_misc_feat_ornament
D:6:      layout_rooms, nicolae_overflow_crystal_walls,
          hangedman_abyss_or_decor_passed, uniq_sigmund
D:7:      layout_rooms, grunt_ministairs_12, uniq_harold

Skill      XL: |  1  2  3  4  5  6  7 |
---------------+----------------------+-----
Stealth        | 2 3 |  3.3
Ice Magic      | 5 6 |  6.0
Dodging        | 2 |  2.9
Spellcasting   | 3 5 7 |  7.4
Fighting       | 1 |  1.3
Throwing       | 1 |  1.2
Poison Magic   | 1 |  1.5
Staves         | 1 |  1.4
Transmutations | 1 |  1.2
Short Blades   | |  0.8

Action                   |  1- 3 |  4- 6 |  7- 9 || total
-------------------------+-------+-------+-------++-------
Melee: Dagger            |    70 |    16 |       ||    86
       Tailslap          |    12 |     5 |     2 ||    19
       Staff             |       |    16 |    59 ||    75
Throw: Stone             |     4 |    14 |     8 ||    26
       Javelin           |       |     4 |    12 ||    16
 Cast: Freeze            |    37 |    69 |    71 ||   177
       Sting             |       |    16 |    21 ||    37
 Abil: Breathe Dispellin |       |       |     6 ||     6
  Use: Scroll            |     1 |     4 |     3 ||     8
 Stab: Sleeping          |     3 |     7 |     1 ||    11
Armor: Skin              |    23 |    27 |    60 ||   110
Dodge: Dodged            |    64 |    61 |    73 ||   198
       Repelled          |       |       |     1 ||     1
